 Dungeon Crawl Stone Soup version 0.30-a0-176-gdd20fb75b6 (webtiles) character file.

Game seed: 11939494427186457430

5072 qw the Cleaver (level 10, -3/63 HPs)
             Began as a Gargoyle Fighter on Oct 1, 2022.
             Was an Initiate of Okawaru.
             Slain by Erolcha
             ... wielding a +0 giant club
              (40 damage)
             ... on level 9 of the Dungeon.
             The game lasted 00:03:25 (7179 turns).

qw the Cleaver (Gargoyle Fighter)                   Turns: 7179, Time: 00:03:26

Health: -3/63      AC: 25    Str: 24    XL:     10   Next: 56%
Magic:  10/10      EV:  6    Int:  9    God:    Okawaru [......]
Gold:   541        SH: 10    Dex:  9    Spells: 9/9 levels left

rFire   . . .      SeeInvis +    Y - +6 war axe
rCold   . . .      Faith    .    b - +0 kite shield
rNeg    + . .      Spirit   .    q - +0 plate armour
rPois   inf        Reflect  .    k - +2 helmet
rElec   +          Harm     .    (no cloak)
rCorr   +          Rampage  .    (no gloves)
Will    .....                    l - +1 pair of boots
Stlth   ..........               (no amulet)
HPRegen 0.30/turn                f - ring of see invisible
MPRegen 0.12/turn                c - ring of resist corrosion

@: no status effects
A: sickness immunity, AC +7, negative energy resistance 1, electricity
resistance, torment resistance 1, petrification resistance
a: Renounce Religion


You were on level 9 of the Dungeon.
You worshipped Okawaru.
Okawaru was noncommittal.
You visited 2 branches of the dungeon, and saw 10 of its levels.
You also visited: Ossuary.

You collected 730 gold pieces.
You spent 189 gold pieces at shops.


Innate Abilities, Weirdness & Mutations

You are immune to sickness and miasma.
Your stone body is resilient. (AC +7)
You are immune to poison.
You resist negative energy. (rN+)
You are resistant to electric shocks. (rElec)
You are resistant to unholy torment.
You are immune to petrification.


   Skills:
 - Level 7.1 Fighting
 + Level 9.4 Axes
 - Level 2.1 Throwing
 - Level 6.2 Armour
 - Level 2.0 Dodging
 - Level 9.3 Shields


You had 9 spell levels left.
You didn't know any spells.
Your spell library was empty.

Inventory:

Hand Weapons
 j - a +2 flail
 Y - a +6 war axe (weapon)
Missiles
 n - 3 boomerangs (quivered)
Armour
 b - a +0 kite shield (worn)
 k - a +2 helmet (worn)
 l - a +1 pair of boots (worn)
 q - a +0 plate armour (worn)
Jewellery
 c - a ring of resist corrosion (right hand)
 f - a ring of see invisible (left hand)
Scrolls
 i - 8 scrolls of identify
 m - a scroll of magic mapping {unknown}
Potions
 a - a potion of curing
 d - a potion of might
 e - 2 potions of haste
 g - 5 potions of attraction
 h - a potion of heal wounds

Dungeon Overview and Level Annotations

Branches:
Dungeon (9/15)             Temple (1/1) D:5         Ossuary (visited)
   Lair: D:8-11         Orc: D:9-12

Altars:
Ashenzari
Cheibriados
Dithmenos
Elyvilon
Fedhas
Gozag
Hepliaklqana
Kikubaaqudgha
Makhleb
Nemelex Xobeh
Okawaru
Qazlal
Ru
Sif Muna
Trog
Uskayaw
Vehumet
Wu Jian
Xom
Yredelemnul
Zin
The Shining One

Shops:
D:4 *

Annotations:
D:3 3 runed translucent doors, qw's ghost, amateur GrFi
D:9 Amaemon; Erolcha


Message History

You start waiting.
Erolcha is nearby!
Erolcha casts a spell.
Erolcha flickers and vanishes for a moment.
You slash Erolcha!
Erolcha is moderately wounded.
You block Erolcha's attack.
You hit Erolcha.
Erolcha is moderately wounded.
Erolcha drinks a potion.
Erolcha seems to grow stronger.
You closely miss Erolcha.
Erolcha is moderately wounded.
Erolcha hits you with a +0 giant club!!!
Ouch! That really hurt!
You hit Erolcha.
Erolcha is heavily wounded.
Erolcha barely misses you.
You slash Erolcha!
Erolcha is severely wounded.
You block Erolcha's attack.
You hit Erolcha.
Erolcha is severely wounded.
You hit Erolcha.
Erolcha is severely wounded.
Erolcha casts a spell.
Erolcha blinks!
Erolcha gestures at you while chanting. You resist with some effort.
7171 ||| Stepping ~*~*~tactically~*~*~ (hiding).
7172 ||| Stepping ~*~*~tactically~*~*~ (hiding).
You start resting.
Erolcha is nearby!
Erolcha hits you with a +0 giant club!
7178 ||| DRINKING 2 potions of heal wounds.
You feel much better.
You hit Erolcha but do no damage.
Erolcha is severely wounded.
Erolcha hits you with a +0 giant club!!!
Ouch! That really hurt!
You die...

....#############
................#
....###########.#
...... #.#
####.## ####.##
). #.....## .#.
###.##...# .#.#
#........# ..
....##.##@.# ##
#.. #O.#
#.......##
......#.#
......##.# ......
... .... ##. ...
. ... .#


You could see Erolcha (strong, invisible).

Vanquished Creatures
  Pikel (D:7)
  A cyclops (D:8)
  An orange demon (D:9)
  Sigmund (D:6)
  A wyvern (D:7)
  3 yaks (D:8)
  An orc warrior (D:8)
  2 water moccasins
  2 black bears
  A lemure (D:7)
  6 bullfrogs
  A scorpion (D:6)
  A necrophage (D:8)
  A gnoll sergeant (D:7)
  6 wights
  12 killer bees
  2 electric eels (D:8)
  9 howler monkeys
  3 centaur zombies (Ossuary)
  3 jellies
  3 orc priests
  Terence (D:2)
  4 iguanas
  7 orc wizards
  A hound zombie (D:3)
  2 mummies (Ossuary)
  A howler monkey zombie (D:3)
  8 gnolls
  4 adders
  A shadow imp (D:7)
  2 white imps
  An adder zombie (Ossuary)
  A worm (D:3)
  3 dart slugs
  22 orcs
  4 bats
  9 endoplasms
  5 giant cockroaches
  7 goblins
  5 hobgoblins
  7 jackals
  4 quokkas
  7 ball pythons
  3 frilled lizards
  7 hobgoblin zombies (Ossuary)
  2 jackal zombies (Ossuary)
  6 kobolds
  12 kobold zombies (Ossuary)
  10 orc zombies (Ossuary)
  6 rats
  2 rat zombies (Ossuary)
215 creatures vanquished.

Vanquished Creatures (others)
  7 fungi
  A plant (D:9)
  3 toadstools (D:2)
11 creatures vanquished.

Grand Total: 226 creatures vanquished

Notes
Turn   | Place    | Note
-------+----------+-------------------------------------------
     0 | D:1      | qw the Gargoyle Fighter began the quest for the Orb.
     0 | D:1      | Reached XP level 1. HP: 14/14 MP: 1/1
     0 | D:1      | 0 ||| qw: Version: 0.2-a-13-gfc7b4b4
     0 | D:1      | 0 ||| qw: Game counter: 1964
     0 | D:1      | 0 ||| qw: Always use a shield: true
     0 | D:1      | 0 ||| qw: God list: Okawaru
     0 | D:1      | 0 ||| qw: Allow faded altars: false
     0 | D:1      | 0 ||| qw: Do Orc after D:15 true
     0 | D:1      | 0 ||| qw: Do second Lair branch before Depths: true
     0 | D:1      | 0 ||| qw: Lair rune preference: random
     0 | D:1      | 0 ||| qw: Plans: Normal, Zot:1-4, God:TSO, Crypt, Tomb,
                  | Pan, Slime:5, Hells, Abyss, Orb
     0 | D:1      | 0 ||| PLANNING D:1-11
   166 | D:1      | Reached XP level 2. HP: 19/19 MP: 2/2
   253 | D:1      | HP: 2/19 [jackal (3)]
   397 | D:1      | 397 ||| DROPPING +0 club.
   604 | D:1      | Reached skill level 3 in Axes
   676 | D:1      | Reached XP level 3. HP: 23/23 MP: 3/3
   857 | D:1      | 857 ||| READING 2 scrolls labelled YQAMIGRADE.
   858 | D:1      | 858 ||| READING scroll labelled TOXUICLIBAU.
   859 | D:1      | 859 ||| READING scroll labelled QUT ANAURAIPNY.
   860 | D:1      | 860 ||| READING scroll labelled CINTIGOAMO.
   861 | D:1      | 861 ||| READING scroll labelled TUTUINE KUCLI.
   862 | D:1      | 862 ||| DRINKING 2 viscous sapphire potions.
   863 | D:1      | 863 ||| DROPPING scroll of amnesia.
   906 | D:2      | Noticed Terence
   919 | D:2      | Killed Terence
   977 | D:2      | Found a glowing silver altar of Zin.
  1027 | D:2      | 1027 ||| Stepping ~*~*~tactically~*~*~ (stealth).
  1037 | D:2      | Reached XP level 4. HP: 28/28 MP: 4/4
  1119 | D:2      | Found a faded altar of an unknown god.
  1208 | D:2      | 1208 ||| DROPPING +0 whip.
  1545 | D:2      | 1545 ||| UPGRADING to +2 helmet.
  1550 | D:2      | 1550 ||| UPGRADING to +0 pair of boots.
  1555 | D:2      | 1555 ||| UPGRADING to ring of see invisible.
  1556 | D:2      | 1556 ||| DROPPING ring of magical power.
  1617 | D:3      | 1617 ||| Stepping ~*~*~tactically~*~*~ (stealth).
  1619 | D:3      | 1619 ||| Stepping ~*~*~tactically~*~*~ (stealth).
  1677 | D:3      | 1677 ||| Stepping ~*~*~tactically~*~*~ (stealth).
  1678 | D:3      | 1678 ||| Stepping ~*~*~tactically~*~*~ (stealth).
  1690 | D:3      | 1690 ||| Stepping ~*~*~tactically~*~*~ (stealth).
  1692 | D:3      | 1692 ||| Stepping ~*~*~tactically~*~*~ (stealth).
  1754 | D:3      | Reached XP level 5. HP: 32/32 MP: 5/5
  1800 | D:3      | 1800 ||| Stepping ~*~*~tactically~*~*~ (stealth).
  1807 | D:3      | 1807 ||| Stepping ~*~*~tactically~*~*~ (stealth).
  2016 | D:3      | Found a runed translucent gate.
  2016 | D:3      | Found a runed translucent gate.
  2016 | D:3      | Found a runed translucent gate.
  2016 | D:3      | Noticed qw's ghost (amateur GrFi)
  2018 | D:3      | 2018 ||| READING scroll labelled URIURH YRAIXY.
  2023 | D:3      | 2023 ||| FLEEEEING.
  2024 | D:3      | 2024 ||| FLEEEEING.
  2025 | D:3      | 2025 ||| FLEEEEING.
  2026 | D:3      | 2026 ||| FLEEEEING.
  2027 | D:3      | 2027 ||| FLEEEEING.
  2028 | D:3      | 2028 ||| FLEEEEING.
  2029 | D:3      | 2029 ||| FLEEEEING.
  2030 | D:3      | 2030 ||| FLEEEEING.
  2031 | D:3      | 2031 ||| FLEEEEING.
  2032 | D:3      | 2032 ||| FLEEEEING.
  2033 | D:3      | 2033 ||| FLEEEEING.
  2034 | D:3      | 2034 ||| FLEEEEING.
  2035 | D:3      | 2035 ||| FLEEEEING.
  2036 | D:3      | 2036 ||| FLEEEEING.
  2037 | D:3      | 2037 ||| FLEEEEING.
  2038 | D:3      | 2038 ||| FLEEEEING.
  2039 | D:3      | 2039 ||| FLEEEEING.
  2040 | D:3      | 2040 ||| FLEEEEING.
  2041 | D:3      | 2041 ||| FLEEEEING.
  2042 | D:3      | 2042 ||| FLEEEEING.
  2043 | D:3      | 2043 ||| FLEEEEING.
  2044 | D:3      | 2044 ||| FLEEEEING.
  2045 | D:3      | 2045 ||| FLEEEEING.
  2046 | D:3      | 2046 ||| FLEEEEING.
  2047 | D:3      | 2047 ||| FLEEEEING.
  2084 | D:3      | 2084 ||| READING scroll labelled FYOFUD ESOB.
  2128 | D:3      | 2128 ||| READING scroll labelled VUFFENTI KYEPU.
  2129 | D:3      | Found a basalt altar of Yredelemnul.
  2140 | D:3      | 2140 ||| DRINKING 2 inky potions.
  2141 | D:3      | 2141 ||| DRINKING 2 fizzy red potions.
  2397 | D:4      | Found a hazy altar of Hepliaklqana.
  2401 | D:4      | Noticed a black bear
  2406 | D:4      | Killed a black bear
  2407 | D:4      | Reached XP level 6. HP: 36/38 MP: 6/6
  2439 | D:4      | Found a broken altar of Ashenzari.
  2520 | D:4      | Found Erchud's Assorted Antiques.
  2529 | D:4      | 2529 ||| BUYING potion of heal wounds (135 gold).
  2529 | D:4      | Bought a potion of heal wounds for 135 gold pieces
  2529 | D:4      | 2529 ||| BUYING scroll of identify (54 gold).
  2529 | D:4      | Bought a scroll of identify for 54 gold pieces
  2531 | D:4      | 2531 ||| Stepping ~*~*~tactically~*~*~ (hiding).
  2749 | D:4      | Found a stormy altar of Qazlal.
  2932 | D:4      | 2932 ||| READING 2 scrolls labelled ORE ELAWIS.
  2933 | D:4      | 2933 ||| DRINKING 2 orange potions.
  2939 | D:4      | 2939 ||| DROPPING scroll of blinking.
  2940 | D:4      | 2940 ||| DROPPING potion of degeneration.
  2950 | D:5      | Entered Level 5 of the Dungeon
  2972 | D:5      | 2972 ||| READING scroll of enchant weapon.
  2972 | D:5      | 2972 ||| ENCHANTING +1 war axe.
  2979 | D:5      | Found a staircase to the Ecumenical Temple.
  2980 | D:5      | 2980 ||| PLANNING TEMPLE
  2988 | Temple   | Entered the Ecumenical Temple
  3158 | Temple   | 3158 ||| PLANNING D:1-11
  3193 | D:5      | Noticed a water moccasin
  3199 | D:5      | Killed a water moccasin
  3200 | D:5      | Reached skill level 6 in Axes
  3200 | D:5      | Reached XP level 7. HP: 43/43 MP: 7/7
  3259 | D:5      | Found a radiant altar of Vehumet.
  3391 | D:5      | 3391 ||| Stepping ~*~*~tactically~*~*~ (hiding).
  3592 | D:5      | 3592 ||| DROPPING +2 leather armour of fire resistance.
  3593 | D:5      | 3593 ||| UPGRADING to +0 plate armour.
  3603 | D:5      | 3603 ||| DROPPING +0 scale mail.
  3604 | D:5      | 3604 ||| READING scroll labelled FAUSES QIPAEC.
  3644 | D:6      | 3644 ||| PLANNING OSSUARY
  3681 | D:6      | Noticed Sigmund
  3682 | D:6      | 3682 ||| Stepping ~*~*~tactically~*~*~ (hiding).
  3683 | D:6      | 3683 ||| Stepping ~*~*~tactically~*~*~ (hiding).
  3686 | D:6      | 3686 ||| Stepping ~*~*~tactically~*~*~ (hiding).
  3687 | D:6      | 3687 ||| Stepping ~*~*~tactically~*~*~ (hiding).
  3701 | D:6      | Killed Sigmund
  3809 | D:6      | 3809 ||| READING 3 scrolls of enchant weapon.
  3809 | D:6      | 3809 ||| ENCHANTING +2 war axe.
  3810 | D:6      | 3810 ||| READING 2 scrolls of enchant weapon.
  3810 | D:6      | 3810 ||| ENCHANTING +3 war axe.
  3811 | D:6      | 3811 ||| READING scroll of enchant weapon.
  3811 | D:6      | 3811 ||| ENCHANTING +4 war axe.
  3844 | D:6      | 3844 ||| Stepping ~*~*~tactically~*~*~ (stealth).
  3849 | D:6      | 3849 ||| FLEEEEING.
  3850 | D:6      | 3850 ||| FLEEEEING.
  3857 | D:6      | Reached XP level 8. HP: 32/48 MP: 8/8
  3919 | D:6      | 3919 ||| Stepping ~*~*~tactically~*~*~ (stealth).
  4190 | D:6      | Found a sand-covered staircase.
  4191 | D:6      | 4191 ||| READING scroll labelled KAEHONNOME.
  4195 | Ossuary  | Entered an ossuary
  4255 | Ossuary  | 4255 ||| Stepping ~*~*~tactically~*~*~ (stealth).
  4358 | Ossuary  | 4358 ||| READING scroll of enchant armour.
  4358 | Ossuary  | 4358 ||| ENCHANTING +0 pair of boots.
  4368 | Ossuary  | 4368 ||| Stepping ~*~*~tactically~*~*~ (stealth).
  4369 | Ossuary  | 4369 ||| Stepping ~*~*~tactically~*~*~ (stealth).
  4490 | Ossuary  | 4490 ||| DRINKING 2 murky green potions.
  4491 | Ossuary  | 4491 ||| DRINKING 2 silvery potions.
  4596 | Ossuary  | 4596 ||| DRINKING 2 bubbling golden potions.
  4597 | Ossuary  | 4597 ||| DROPPING potion of flight.
  4598 | Ossuary  | 4598 ||| DROPPING potion of berserk rage.
  4599 | Ossuary  | 4599 ||| DROPPING potion of brilliance.
  4614 | D:6      | 4614 ||| PLANNING D:1-11
  4691 | D:7      | 4691 ||| Stepping ~*~*~tactically~*~*~ (hiding).
  4691 | D:7      | Noticed a wyvern
  4706 | D:7      | Killed a wyvern
  4947 | D:7      | 4947 ||| Stepping ~*~*~tactically~*~*~ (stealth).
  4951 | D:7      | Noticed Pikel
  4956 | D:7      | Reached skill level 6 in Fighting
  4962 | D:7      | Reached XP level 9. HP: 25/55 MP: 9/9
  4967 | D:7      | HP: 11/55 [wight/+2 flail (5)]
  4968 | D:7      | 4968 ||| READING scroll of teleportation.
  4969 | D:7      | 4969 ||| DRINKING 4 potions of heal wounds.
  4973 | D:7      | Reached skill level 9 in Axes
  4973 | D:7      | You fall into a shaft and drop 2 floors!
  5063 | D:9      | 5063 ||| UPGRADING to +0 kite shield.
  5064 | D:9      | 5064 ||| Stepping ~*~*~tactically~*~*~ (hiding).
  5083 | D:9      | 5083 ||| UPGRADING to +0 kite shield.
  5093 | D:9      | 5093 ||| DROPPING +0 buckler.
  5204 | D:8      | 5204 ||| Stepping ~*~*~tactically~*~*~ (stealth).
  5206 | D:8      | 5206 ||| Stepping ~*~*~tactically~*~*~ (hiding).
  5274 | D:8      | 5274 ||| Stepping ~*~*~tactically~*~*~ (stealth).
  5462 | D:7      | 5462 ||| Stepping ~*~*~tactically~*~*~ (stealth).
  5472 | D:7      | 5472 ||| Stepping ~*~*~tactically~*~*~ (stealth).
  5473 | D:7      | 5473 ||| Stepping ~*~*~tactically~*~*~ (stealth).
  5492 | D:7      | Killed Pikel
  5493 | D:7      | 5493 ||| FLEEEEING.
  5494 | D:7      | 5494 ||| FLEEEEING.
  5495 | D:7      | 5495 ||| FLEEEEING.
  5496 | D:7      | 5496 ||| FLEEEEING.
  5497 | D:7      | 5497 ||| FLEEEEING.
  5498 | D:7      | 5498 ||| FLEEEEING.
  5499 | D:7      | 5499 ||| FLEEEEING.
  5500 | D:7      | 5500 ||| FLEEEEING.
  5501 | D:7      | 5501 ||| FLEEEEING.
  5502 | D:7      | 5502 ||| FLEEEEING.
  5504 | D:7      | 5504 ||| FLEEEEING.
  5505 | D:7      | 5505 ||| FLEEEEING.
  5506 | D:7      | 5506 ||| FLEEEEING.
  5507 | D:7      | 5507 ||| FLEEEEING.
  5508 | D:7      | 5508 ||| FLEEEEING.
  5509 | D:7      | 5509 ||| FLEEEEING.
  5510 | D:7      | 5510 ||| FLEEEEING.
  5511 | D:7      | 5511 ||| FLEEEEING.
  5512 | D:7      | 5512 ||| FLEEEEING.
  5513 | D:7      | 5513 ||| FLEEEEING.
  5514 | D:7      | 5514 ||| FLEEEEING.
  5515 | D:7      | 5515 ||| FLEEEEING.
  5516 | D:7      | 5516 ||| FLEEEEING.
  5517 | D:7      | 5517 ||| FLEEEEING.
  5518 | D:7      | 5518 ||| FLEEEEING.
  5519 | D:7      | 5519 ||| FLEEEEING.
  5520 | D:7      | 5520 ||| FLEEEEING.
  5521 | D:7      | 5521 ||| FLEEEEING.
  5522 | D:7      | 5522 ||| FLEEEEING.
  5525 | D:7      | 5525 ||| FLEEEEING.
  5526 | D:7      | 5526 ||| FLEEEEING.
  5527 | D:7      | 5527 ||| FLEEEEING.
  5528 | D:7      | 5528 ||| FLEEEEING.
  5530 | D:7      | 5530 ||| FLEEEEING.
  5531 | D:7      | 5531 ||| FLEEEEING.
  5532 | D:7      | 5532 ||| FLEEEEING.
  5533 | D:7      | 5533 ||| FLEEEEING.
  5534 | D:7      | 5534 ||| FLEEEEING.
  5535 | D:7      | 5535 ||| FLEEEEING.
  5536 | D:7      | 5536 ||| STAIRDANCE
  5570 | D:6      | 5570 ||| UPGRADING to ring of resist corrosion.
  5576 | D:7      | 5576 ||| STAIRDANCE
  5771 | D:7      | 5771 ||| Stepping ~*~*~tactically~*~*~ (stealth).
  5840 | D:7      | 5840 ||| READING scroll of enchant weapon.
  5840 | D:7      | 5840 ||| ENCHANTING +5 war axe.
  5849 | D:7      | 5849 ||| DROPPING +0 flail.
  5929 | D:8      | 5929 ||| Stepping ~*~*~tactically~*~*~ (stealth).
  5940 | D:8      | Reached skill level 6 in Armour
  5940 | D:8      | Reached XP level 10. HP: 47/60 MP: 10/10
  6197 | D:8      | 6197 ||| Stepping ~*~*~tactically~*~*~ (stealth).
  6198 | D:8      | 6198 ||| Stepping ~*~*~tactically~*~*~ (stealth).
  6203 | D:8      | Noticed a cyclops
  6224 | D:8      | Killed a cyclops
  6225 | D:8      | Reached skill level 9 in Shields
  6855 | D:9      | Noticed an orange demon
  6856 | D:9      | Noticed Amaemon
  6869 | D:9      | Killed an orange demon
  6872 | D:9      | HP: 15/63 [Amaemon/+1 demon whip of venom (2)]
  6873 | D:9      | 6873 ||| READING scroll of teleportation.
  6874 | D:9      | 6874 ||| DRINKING 3 potions of heal wounds.
  7057 | D:9      | 7057 ||| Stepping ~*~*~tactically~*~*~ (hiding).
  7058 | D:9      | 7058 ||| Stepping ~*~*~tactically~*~*~ (hiding).
  7082 | D:9      | Found a blossoming altar of Fedhas.
  7093 | D:9      | Found an iron altar of Okawaru.
  7094 | D:9      | 7094 ||| PLANNING OKAWARU WORSHIP
  7101 | D:9      | Became a worshipper of Warmaster Okawaru
  7102 | D:9      | 7102 ||| PLANNING D:1-11
  7106 | D:9      | Found a snail-covered altar of Cheibriados.
  7158 | D:9      | Noticed Erolcha
  7159 | D:9      | 7159 ||| Stepping ~*~*~tactically~*~*~ (hiding).
  7171 | D:9      | 7171 ||| Stepping ~*~*~tactically~*~*~ (hiding).
  7172 | D:9      | 7172 ||| Stepping ~*~*~tactically~*~*~ (hiding).
  7177 | D:9      | HP: 14/63 [Erolcha/+0 giant club (10)]
  7178 | D:9      | 7178 ||| DRINKING 2 potions of heal wounds.
  7179 | D:9      | Slain by Erolcha

Levels and vault maps discovered:
D:1:      dpeg_arrival_tiny_g, layout_basic
D:2:      layout_basic, basic_altar, hellmonk_ecumenical_altar_inner_sanctum,
          minmay_gold_behind_fungi, uniq_terence
D:3:      layout_rooms, nicolae_yredelemnul_ghost_church
D:4:      layout_basic, mainiacjoe_overflow_catwalk, general_overflow_altar,
          amcnicky_altar_gilded, serial_shops, nicolae_square_shop
D:5:      layout_rooms, nicolae_vehumet_altar_sigil,
          minmay_temple_entry_sparse_star, solitary_fountain,
          minmay_misc_feat_roman
D:6:      layout_rooms, nicolae_ossuary_entry_plus, uniq_sigmund
D:7:      layout_basic, uniq_pikel
D:8:      layout_basic
D:9:      layout_basic, minmay_overflow_temple_star_quad, david_lair_generic,
          minmay_misc_feat_square, hangedman_decor_clover_reticule,
          uniq_amaemon, uniq_erolcha
Temple:   nicolae_temple_bog_church

Skill      XL: |  1  2  3  4  5  6  7  8  9 10 |
---------------+-------------------------------+-----
Axes           | 2 3 4 5 6 8 9 |  9.4
Fighting       | 4 6 7 |  7.1
Dodging        | 2 |  2.0
Armour         | 4 5 6 |  6.2
Shields        | 8 9 |  9.3
Throwing       | 2 |  2.1

Action                   |  1- 3 |  4- 6 |  7- 9 | 10-12 || total
-------------------------+-------+-------+-------+-------++-------
Melee: War axe           |    75 |   187 |   307 |    97 ||   666
Throw: Boomerang         |       |    29 |    20 |     1 ||    50
  Use: Scroll            |     5 |     5 |     8 |     1 ||    19
       Potion            |     1 |     3 |     4 |     2 ||    10
Armor: Scale mail        |    66 |   114 |     6 |       ||   186
       Plate armour      |       |       |   267 |   140 ||   407
Dodge: Dodged            |    44 |    94 |    72 |    41 ||   251
Block: Buckler           |    23 |    27 |    34 |       ||    84
       Kite shield       |       |       |    34 |    88 ||   122

Table legend:
 A = Non-vault XP
 B = Vault XP
 C = Vault XP percentage of total XP
 D = Non-vault monster count
 E = Vault monster count
 F = Vault count percentage of total count
                 A         B        C        D         E       F
            +---------+---------+-------+---------+---------+-------
      Total |    5685 |    1562 |  21.6 |     169 |      45 |  21.0
            +---------+---------+-------+---------+---------+-------
        D:1 |      34 |       0 |   0.0 |      18 |       0 |   0.0
        D:2 |      36 |      38 |  51.4 |      15 |       1 |   6.2
        D:3 |      87 |      36 |  29.3 |      27 |       2 |   6.9
        D:4 |     308 |       0 |   0.0 |      22 |       0 |   0.0
        D:5 |     186 |       0 |   0.0 |      11 |       0 |   0.0
        D:6 |     539 |     210 |  28.0 |      13 |       1 |   7.1
        D:7 |    1369 |     663 |  32.6 |      22 |       1 |   4.3
        D:8 |    2613 |       0 |   0.0 |      28 |       0 |   0.0
        D:9 |     513 |     399 |  43.8 |      13 |       1 |   7.1
    Ossuary |       0 |     216 | 100.0 |       0 |      39 | 100.0
            +---------+---------+-------+---------+---------+-------
